 Dungeon Crawl Stone Soup version 0.28-a0-1190-g77e1c55843 (webtiles) character file.

Game seed: 29083821733847948

35 Fortus the Slasher (level 3, -1/27 HPs)
             Began as a Demonspawn Gladiator on Dec 18, 2021.
             Slain by a rat (3 damage)
             ... on level 2 of the Dungeon.
             The game lasted 00:01:32 (1361 turns).

Fortus the Slasher (Demonspawn Gladiator)           Turns: 1361, Time: 00:01:33

Health: -1/27      AC:  4    Str: 16    XL:     3   Next: 17%
Magic:  3/3        EV: 14    Int:  9    God:
Gold:   46         SH:  0    Dex: 14    Spells: 2/2 levels left

rFire   . . .      SeeInvis .   a - +0 long sword
rCold   . . .      Faith    .   (no shield)
rNeg    . . .      Spirit   .   b - +0 leather armour
rPois   .          Reflect  .   c - +0 helmet
rElec   .          Harm     .   (no cloak)
rCorr   .          Rampage  .   (no gloves)
Will    .....                   (no boots)
Stlth   +.........              (no amulet)
HPRegen 0.09/turn               (no ring)
MPRegen 0.08/turn               (no ring)

@: lethally poisoned (-1 -> -5)
A: repulsion field 1, ignite blood 1
a: no special abilities


You were on level 2 of the Dungeon.
You visited 1 branch of the dungeon, and saw 2 of its levels.

You collected 46 gold pieces.

Inventory:

Hand Weapons
 a - a +0 long sword (weapon)
Missiles
 d - 3 throwing nets (quivered)
Armour
 b - a +0 leather armour (worn)
 c - a +0 helmet (worn)
Scrolls
 g - a scroll of fog {unknown}
 h - a scroll of holy word {unknown}
 i - a scroll of summoning {unknown}
 l - a scroll of teleportation {unknown}
Potions
 e - a potion of attraction {unknown}
 f - 2 potions of curing {unknown}
 j - a potion of mutation {unknown}
 k - a potion of magic {unknown}


   Skills:
 - Level 2.0 Fighting
 + Level 3.9 Long Blades
 - Level 1.7 Throwing
 - Level 2.6 Dodging


You had 2 spell levels left.
You didn't know any spells.
Your spell library contained the following spells:

 Spells                   Type           Power      Damage    Failure   Level
 Cause Fear               Hex            0%         N/A       99%         4
 Dragon Form              Tmut           0%         N/A       100%        7
 Dragon's Call            Summ           0%         N/A       100%        9


Dungeon Overview and Level Annotations

Branches:
Dungeon (2/15)

Altars:


Innate Abilities, Weirdness & Mutations

You are surrounded by a mild repulsion field. (EV +2)
Your demonic aura sometimes causes spilled blood to erupt in flames.


Message History

The adder hisses angrily.
The goblin closely misses you.
You slash the goblin!
You kill the goblin!
The adder completely misses you.
A rat comes into view.
The adder bites you.
You are poisoned.
The adder poisons you!
You barely miss the adder.
You feel sick. The adder bites you.
You are more poisoned.
The adder poisons you!
You completely miss the adder.
You feel very sick. The adder closely misses you. x2
You hit the adder.
The adder is lightly wounded.
You feel sick. The adder closely misses you.
The adder bites you but does no damage.
You hit the adder.
The adder is moderately wounded.
You feel sick. The adder closely misses you.
You slash the adder!
The adder is almost dead.
You feel sick. The adder bites you. The rat completely misses you.
The adder bites you.
* * * LOW HITPOINT WARNING * * *
You are lethally poisoned!
The adder poisons you!
You closely miss the adder.
The adder is almost dead.
* * * LOW HITPOINT WARNING * * *
You feel sick. The rat barely misses you. The adder misses you.
You hit the adder.
You kill the adder!
* * * LOW HITPOINT WARNING * * *
You feel sick. The rat barely misses you. The adder bites you.
* * * LOW HITPOINT WARNING * * *
The rat bites you.
You die...

######### #.......#
#.......#
#.......##############
...............†......
...######.......########
......r@S...............
...######.......########
#.....(.# #S......#
#..)....# ### #.......#
#.. #.......# #..
#.......# #.. #.......#
#..


You could see an adder and a rat.

Vanquished Creatures
  2 adders (D:2)
  A dart slug (D:1)
  An orc (D:2)
  6 ball pythons
  2 bats (D:2)
  An endoplasm (D:1)
  2 giant cockroaches (D:1)
  A goblin (D:2)
  A hobgoblin (D:1)
  2 quokkas (D:2)
  A frilled lizard (D:2)
  A kobold (D:1)
  4 rats
25 creatures vanquished.

Notes
Turn   | Place    | Note
-------+----------+-------------------------------------------
     0 | D:1      | Fortus the Demonspawn Gladiator began the quest for the
                  | Orb.
     0 | D:1      | Reached XP level 1. HP: 16/16 MP: 1/1
   430 | D:1      | Reached skill level 3 in Long Blades
   570 | D:1      | Gained mutation: Your demonic aura sometimes causes spilled
                  | blood to erupt in flames. [demonic ancestry]
   570 | D:1      | Reached XP level 2. HP: 16/22 MP: 2/2
   663 | D:1      | You fall into a shaft and drop 1 floor!
   761 | D:1      | Found a faded altar of an unknown god.
  1109 | D:2      | Gained mutation: You are surrounded by a mild repulsion
                  | field. (EV +2) [demonic ancestry]
  1109 | D:2      | Reached XP level 3. HP: 11/27 MP: 3/3
  1361 | D:2      | Slain by a rat

Illustrated notes

Levels and vault maps discovered:
D:1:      scummos_arrival_checkerplants, layout_basic,
          shapermc_ecumenical_altar_mp_ritualfount
D:2:      layout_basic, grunt_ministairs_4, corner_web_ring

Skill      XL: |  1 |
---------------+----+-----
Long Blades    | 3 |  3.9
Fighting       | |  2.0
Throwing       | |  1.7
Dodging        | |  2.6

Action                   || total
-------------------------++-------
Melee: Long sword        ||    61
Armor: Leather armour    ||    25
Dodge: Dodged            ||    42

Table legend: (Time is in decaauts)
 A = Elapsed time spent in this place.
 B = Non-inter-level travel time spent in this place.
 C = Inter-level travel time spent in this place.
 D = Time resting spent in this place.
 E = Time spent auto-exploring this place.
 F = Levels seen in this place.
 G = Mean time per level.
                   A        B        C        D        E       F      G
               +--------+--------+--------+--------+--------+-----+--------+
         Total |   1376 |   1343 |     33 |    210 |    935 |   2 |  688.0 |
       Dungeon |   1376 |   1343 |     33 |    210 |    935 |   2 |  688.0 |
               +--------+--------+--------+--------+--------+-----+--------+

Top non-repeatable levels by time:
     D:1: 949 daAuts
     D:2: 426 daAuts
